 Dungeon Crawl Stone Soup version 0.28.0 (webtiles) character file.

Game seed: 13399474685701404651

163 danielguo94 the Skirmisher (level 5, -4/33 HPs)
             Began as a Gargoyle Fighter on Feb 5, 2022.
             Killed from afar by an orc wizard (6 damage)
             ... with a magic dart
             ... on level 4 of the Dungeon.
             The game lasted 00:03:29 (2761 turns).

danielguo94 the Skirmisher (Gargoyle Fighter)       Turns: 2761, Time: 00:03:30

Health: -4/33      AC: 13    Str: 21    XL:     5   Next: 44%
Magic:  5/5        EV:  7    Int:  9    God:
Gold:   149        SH:  4    Dex:  9    Spells: 4/4 levels left

rFire   . . .      SeeInvis .   i - +0 morningstar
rCold   . . .      Faith    .   c - +0 buckler
rNeg    + . .      Spirit   .   k - +0 chain mail
rPois   ∞          Reflect  .   (no helmet)
rElec   +          Harm     .   (no cloak)
rCorr   .          Rampage  .   (no gloves)
Will    .....                   (no boots)
Stlth   ..........              (no amulet)
HPRegen 0.11/turn               (no ring)
MPRegen 0.09/turn               (no ring)

@: no status effects
A: sickness immunity, AC +4, negative energy resistance 1, electricity
resistance, torment resistance 1, petrification resistance
a: no special abilities


You were on level 4 of the Dungeon.
You visited 1 branch of the dungeon, and saw 4 of its levels.

You collected 149 gold pieces.

Inventory:

Hand Weapons
 f - a +1 mace of holy wrath
 i - a +0 morningstar (weapon)
Missiles
 e - 71 stones (quivered)
Armour
 c - a +0 buckler (worn)
 k - a +0 chain mail (worn)
Jewellery
 n - a ring of see invisible
Scrolls
 a - 2 scrolls of identify
 g - 2 scrolls of enchant weapon
 h - a scroll of summoning {unknown}
 l - 2 scrolls of immolation
 m - a scroll of amnesia {unknown}
 o - a scroll of holy word {unknown}
Potions
 d - a potion of might
 j - a potion of magic {unknown}
 p - a potion of attraction {unknown}


   Skills:
 + Level 4.3 Fighting
 * Level 3.9 Maces & Flails
 + Level 4.0 Armour
 + Level 0.2 Dodging
 + Level 3.8 Shields


You had 4 spell levels left.
You didn't know any spells.
Your spell library contained the following spells:

 Spells                   Type           Power      Damage    Failure   Level
 Conjure Flame            Conj/Fire      0%         6-21      100%        3
 Ignite Poison            Fire/Tmut/Pois 0%         N/A       100%        3
 Sticky Flame             Conj/Fire      0%         2d3       100%        4


Dungeon Overview and Level Annotations

Branches:
Dungeon (4/15)
 Temple: D:4-7

Altars:
Ashenzari
Qazlal

Annotations:
D:3 3 runed translucent doors, SirWffles's ghost, amateur DrTm


Innate Abilities, Weirdness & Mutations

You are immune to sickness and miasma.
Your stone body is resilient. (AC +4)
You are immune to poison.
You resist negative energy. (rN+)
You are resistant to electric shocks. (rElec)
You are resistant to unholy torment.
You are immune to petrification.


Message History

The orc priest hits you with a +1 vorpal flail.
You hit the orc priest.
The orc priest is severely wounded.
The orc priest hits you with a +1 vorpal flail.
* * * LOW HITPOINT WARNING * * *
x2 You feel better.
Something hits you but does no damage.
The orc priest hits you with a +1 vorpal flail.
* * * LOW HITPOINT WARNING * * *
x2
Okay, then.
Unknown command.
You barely miss the orc priest.
The orc priest is severely wounded.
Something hits you but does no damage. You block the orc priest's attack.
Something hits you but does no damage.
The orc priest hits you but does no damage.
You sock the orc priest!
You kill the orc priest!
Something hits you but does no damage.
Your Armour skill increases to level 4!
Something hits you but does no damage.
Things that are here:
a +1 vorpal flail; a +0 scale mail You hear some strange, mumbled words.
You are confused.
You bump into the rock wall.
Something hits you but does no damage.
You bump into the rock wall.
You hear some strange, mumbled words.
A magic dart appears from out of thin air!
The magic dart hits you but does no damage.
You closely miss something. Something hits you but does no damage.
You bump into the rock wall.
You feel less confused. Something hits you but does no damage.
You miss something. Something hits you but does no damage. Something hits you.
* * * LOW HITPOINT WARNING * * *
You miss something.
You hear some strange, mumbled words.
A magic dart appears from out of thin air!
The magic dart hits you.
You die...

.......######## #..#####.#.####.#
######.###....###..# #.#.# #.#
#........+....# #.#.# #.#
######....###.## #.#.# #.#
#.............# #...# #.#
#.####################.# #.#
#.#...................#####.#
#####.#..#########..............#
................@{)<..........>.#
###...#...................#.#...#
##..#...#.##.#.#.########.#...#
#..#........#.#.##.....#.#...#
####..#o..#.##.#.#.##.###.#.##..#
..........#.##...#.#............#
o.........#.##.###......#.#.#...#
#####..........###.#..#.#.#.#...#
#.....................#.#.#.#...#


There were no monsters in sight!

Vanquished Creatures
  An orc priest (D:4)
  An iguana (D:4)
  3 adders
  2 worms (D:2)
  2 dart slugs (D:1)
  7 orcs
  4 endoplasms
  4 giant cockroaches
  6 goblins
  11 hobgoblins
  2 quokkas (D:2)
  2 ball pythons (D:1)
  4 bats
  3 frilled lizards
  5 kobolds
  8 rats
65 creatures vanquished.

Notes
Turn   | Place    | Note
-------+----------+-------------------------------------------
     0 | D:1      | danielguo94 the Gargoyle Fighter began the quest for the
                  | Orb.
     0 | D:1      | Reached XP level 1. HP: 14/14 MP: 1/1
   264 | D:1      | Reached XP level 2. HP: 18/19 MP: 2/2
   459 | D:1      | Reached XP level 3. HP: 24/24 MP: 3/3
   469 | D:1      | Found a faded altar of an unknown god.
  1071 | D:2      | Reached XP level 4. HP: 23/29 MP: 4/4
  1404 | D:3      | Found a broken altar of Ashenzari.
  1545 | D:3      | Found a runed translucent gate.
  1545 | D:3      | Found a runed translucent gate.
  1546 | D:3      | Found a runed translucent gate.
  1548 | D:3      | Noticed SirWffles's ghost (amateur DrTm)
  1949 | D:4      | Reached XP level 5. HP: 26/33 MP: 5/5
  1998 | D:4      | Found a stormy altar of Qazlal.
  2760 | D:4      | HP: 1/33 [something (3)]
  2761 | D:4      | Killed from afar by an orc wizard

Illustrated notes

Levels and vault maps discovered:
D:1:      shiori_arrival_oz, layout_rooms,
          hellmonk_ecumenical_altar_heavens_door
D:2:      layout_basic
D:3:      layout_rooms, mainiacjoe_overflow_small_starburst,
          gammafunk_ghost_necromancy
D:4:      layout_basic, nicolae_qazlal_scattered_showers, uniq_duvessa

Skill      XL: |  1  2  3  4  5 |
---------------+----------------+-----
Maces & Flails | 3 |  3.9
Fighting       | 4 |  4.3
Armour         | 4 |  4.0
Dodging        | |  0.2
Shields        | |  3.8

Action                   |  1- 3 |  4- 6 || total
-------------------------+-------+-------++-------
Melee: Flail             |     9 |       ||     9
       Mace              |   102 |    78 ||   180
       Morningstar       |       |    40 ||    40
  Use: Scroll            |       |     3 ||     3
       Potion            |       |     3 ||     3
Armor: Scale mail        |    24 |       ||    24
       Chain mail        |    25 |    99 ||   124
Dodge: Dodged            |    33 |    39 ||    72
Block: Buckler           |    21 |    19 ||    40
